Unix NetHack Version 5.0.0-0 post-release - last build May 17 2026 04:57:42 (dc50c8380fa5e20985bfe3072449f57b8d9895ef,branch:main).

Game began 2026-05-21 02:51:41, ended 2026-05-21 03:35:53.

Ackbladder, neutral male gnomish Wizard

                  ###
                  *#**         ---------                       -----
                `### #         |`......-####                   |...|
               ###)`**         |.......|   # #########         |...|
               *#####*##`      -|---.---   ##### ---.---       .<|.|
        -----........#  #%      #   #####%###  # |.....|       -|---
        |........*...##*#       #   #          ##|.....|      # [
        |............# ##       #   #           #|.....|`   ### #
        |............#  ##      #####           #-.....-####### #
        |.........._.    *      #                -------#    -.-.-
        |.........[.|    *      #                       #    |...|
        --.--.....[--    ##**#  #                       ###  |...|
                 ###     ###########                      #  |...|
                             *-f---|--                    #  |...|
                             #.@Ghh.(|                    ###|..>|
                              |hk\GG.|                       |...|
                              |.o.oh.|                       -----
                              --------

Ackbladder the Thaumaturge  St:14 Dx:10 Co:18 In:16 Wi:10 Ch:11  Neutral
Dlvl:7  $:419 HP:0(62) Pw:56(56) AC:9  Xp:7 T:8257  Burdened

Latest messages:
 Cheops drops a rock.
 You hit the Uruk-hai!
 The Uruk-hai reads a scroll of teleportation!
 Being confused, the Uruk-hai mispronounces the magic words...
 Cheops drops a rock.
 Cheops drops a rock.
 The door resists!
 The door opens.
 Cheops drops a rock.
 You hit the bugbear!
 The bugbear wakes up!
 The bugbear growls!
 The bugbear wakes up.
 The large kobold wakes up.
 The gnome wakes up.
 The orc shaman wakes up.
 The bugbear wakes up.
 The hobgoblin wakes up.
 The hobgoblin wakes up.
 The gnome wakes up.
 The kobold lady wakes up.
 The bugbear wakes up.
 The large kobold throws a dart!
 The dart misses the gnome king.
 A dart misses you.
 The kobold lady hits!
 The bugbear hits!
 The gnome king zaps a wand called striking!
 Boing!
 A door appears in the wall!
 The door crashes open!
 You hit the gnome king.
 The gnome wields 5 daggers!
 The gnome king wields a mace!
 You stop.  Cheops is in the way!
 The gnome throws a dagger!
 The dagger hits the gnome king.
 The kobold lady hits!
 The bugbear hits!
 The gnome king swings his mace.
 The gnome king hits!
 The gnome wields a crossbow!
 The crossbow welds itself to the gnome's hand!
 The kobold lady hits!
 The bugbear hits!
 The gnome king swings his mace.
 The gnome king hits!
 You die...
 Do you want your possessions identified? [ynq] (y) y
 Do you want to see your attributes? [ynq] (y) q

Inventory:
 Coins    ('$')
  $ - 419 gold pieces
 Amulets  ('"')
  p - a cursed amulet of flying
 Weapons  (')')
  A - 2 +0 elven daggers
  w - the rustproof +0 Magicbane (weapon in right hand)
  a - a blessed +1 quarterstaff
 Armor    ('[')
  Y - a cursed -1 helm of caution
  q - a cursed -2 pair of kicking boots
  b - an uncursed +0 cloak of magic resistance (being worn)
 Comestibles  ('%')
  Z - an uncursed melon
  U - an uncursed tripe ration
  T - 2 cursed rotten tins of floating eye meat
 Scrolls  ('?')
  o - an uncursed scroll of charging
  F - a blessed scroll of confuse monster
  u - 2 uncursed scrolls of confuse monster
  x - an uncursed scroll of enchant armor
  j - a blessed scroll of light
  O - an uncursed scroll of magic mapping
  v - a cursed scroll of punishment
  L - 2 uncursed scrolls of remove curse
  i - 5 uncursed scrolls of teleportation
  I - a cursed scroll of teleportation
 Spellbooks  ('+')
  k - a blessed spellbook of force bolt
  J - an uncursed spellbook of force bolt
  l - an uncursed spellbook of identify
  s - an uncursed spellbook of knock
 Potions  ('!')
  D - 2 uncursed potions of blindness
  g - an uncursed potion of full healing
  t - an uncursed potion of hallucination
  N - an uncursed potion of object detection
  X - a cursed potion of oil
  h - an uncursed potion of polymorph
  V - an uncursed potion of sleeping
  f - 4 potions of holy water
 Rings    ('=')
  z - an uncursed ring of free action (on right hand)
  e - an uncursed ring of invisibility
  d - an uncursed ring of stealth (on left hand)
 Wands    ('/')
  c - a wand of secret door detection (0:13)
  Q - a wand of striking (0:4)
  M - a wand of teleportation (0:5)
  H - a wand of undead turning (0:2)
 Tools    ('(')
  r - an empty uncursed sack
  y - an uncursed blindfold
  S - an uncursed brass lantern
  m - a magic marker (0:22)
  C - an uncursed mirror
 Gems/Stones  ('*')
  n - an uncursed jasper stone
  P - 2 uncursed worthless pieces of black glass
  K - an uncursed worthless piece of blue glass
  W - 2 uncursed worthless pieces of violet glass
  R - an uncursed flint stone

Ackbladder the Wizard's attributes:

Background:
 You were a Thaumaturge, a level 7 male gnomish Wizard.
 You were neutral, on a mission for Thoth
 who was opposed by Ptah (lawful) and Anhur (chaotic).
 You were right-handed.
 You were in the Dungeons of Doom, on level 7.
 You entered the dungeon 8257 turns ago.
 It was nighttime.
 You had 952 experience points, 328 more were needed to attain level 8.

Basics:
 You had 0 out of 62 hit points.
 You had all 56 energy points (spell power).
 Your armor class was 9.
 Your wallet contained 419 zorkmids.
 Autopickup was off.

Final Characteristics:
 Your strength was 14 (limit:18/50).
 Your dexterity was 10 (limit:18).
 Your constitution was 18 (limit:18).
 Your intelligence was 16 (limit:19).
 Your wisdom was 10 (peak:11, limit:18).
 Your charisma was 11 (limit:18).

Final Status:
 You weren't hungry.
 You were burdened; movement was slightly slowed.
 You were wielding a dagger.
 You had basic skill with dagger and could have enhanced that.

Final Attributes:
 You were piously aligned.
 You were magic-protected.
 You were telepathic.
 You had infravision.
 You were stealthy.
 You were warded.
 You had free action.
 You were lucky.
 Thoth was angry with you.
 You are dead.

Miscellaneous:
 You didn't encounter any bones levels.
 Total elapsed playing time was 44 minutes and 12 seconds.

Major events:
 Turn
    1: Ackbladder the neutral male gnomish Wizard entered the dungeon
  822: attained the rank of Conjurer (level 3)
 3088: was bestowed with Magicbane by Thoth
 3251: entered the Gnomish Mines
 4786: attained the rank of Thaumaturge (level 6)
 5826: was bestowed with Trollsbane by Thoth
 8257: killed by a gnome king

Spells:
 Name                 Level Category     Fail Retention
 force bolt             1   attack         0%   51%-60%
 identify               3   divination    91%   51%-75%
 knock                  1   matter         0%   51%-75%

Skills:
 Fighting Skills
   bare handed combat [Unskilled]
   riding             [Unskilled]
 Weapon Skills
   dagger             [Basic]
   knife              [Unskilled]
   axe                [Unskilled]
   short sword        [Unskilled]
   club               [Unskilled]
   mace               [Unskilled]
   morning star       [Unskilled]
   quarterstaff       [Basic]
   polearms           [Unskilled]
   spear              [Unskilled]
   trident            [Unskilled]
   sling              [Unskilled]
   dart               [Unskilled]
   shuriken           [Unskilled]
 Spellcasting Skills
   attack spells      [Basic]
   healing spells     [Unskilled]
   divination spells  [Unskilled]
   enchantment spells [Basic]
   clerical spells    [Unskilled]
   escape spells      [Unskilled]
   matter spells      [Unskilled]

Voluntary challenges:
 Character rerolling was not enabled.
 You never genocided any monsters.
 You never polymorphed an object.
 You never changed form.
 You used no wishes.
Achievements:
 You attained the rank of Conjurer.
 You entered the Gnomish Mines.
 You entered a shop.
 You attained the rank of Thaumaturge.

 The Dungeons of Doom: levels 1 to 8
    Level 1:
       An altar to Thoth, a sink.
    Level 2:
       Some fountains, a grave.
    Level 3:
    Level 4:
       A general store, a fountain.
       Stairs down to The Gnomish Mines.
    Level 5:
       An altar to Thoth, a fountain.
    Level 6:
       Some fountains, a grave.
    Level 7: <- You were here.
       An altar to Thoth, a throne, a grave.
       Final resting place for
          you, killed by a gnome king.
    Level 8:
 The Gnomish Mines:
    Level 5:


Vanquished creatures:
  a spotted jelly
  2 leprechauns
 an orc-captain
  a dwarf mummy
  a werewolf
  a dwarf leader
  2 human zombies
  a wood nymph
  a water nymph
  2 mountain nymphs
 an orc shaman
  a rock piercer
  a rock mole
  2 yellow lights
  a violet fungus
  a gray ooze
  a ghoul
  2 giant ants
  3 floating eyes
  a kitten
  a homunculus
  a kobold leader
  a kobold shaman
  7 hill orcs
  3 rothes
  a rabid rat
  a centipede
  3 giant bats
  4 orc zombies
  7 iguanas
  4 coyotes
  2 gas spores
  2 hobbits
  5 manes
  3 giant rats
  2 cave spiders
  4 yellow molds
  a gnome zombie
  4 geckos
  8 jackals
  3 foxes
  4 kobolds
  5 goblins
  6 sewer rats
  8 grid bugs
  2 bats
 11 lichens
  3 kobold zombies
  7 newts
140 creatures vanquished.

No species were genocided or became extinct.

Game over:
                       ----------
                      /          \
                     /    REST    \
                    /      IN      \
                   /     PEACE      \
                  /                  \
                  |    Ackbladder    |
                  |      419 Au      |
                  |   killed by a    |
                  |    gnome king    |
                  |                  |
                  |                  |
                  |       2026       |
                 *|     *  *  *      | *
        _________)/\\_//(\/(/\)/\//\/|_)_______

Goodbye Ackbladder the Wizard...

You died in The Dungeons of Doom on dungeon level 7 with 4674 points,
and 419 pieces of gold, after 8257 moves.
You were level 7 with a maximum of 62 hit points when you died.

